 Dungeon Crawl Stone Soup version 0.21-a0-529-g8c7b3f5 (webtiles) character file.

531 slep the Chopper (level 7, -6/35 HPs)
             Began as a Vine Stalker Gladiator on Dec 12, 2017.
             Mangled by Duvessa
             ... wielding a +0 rapier
              (8 damage)
             ... on level 5 of the Dungeon.
             The game lasted 00:12:59 (2843 turns).

slep the Chopper (Vine Stalker Gladiator)           Turns: 2843, Time: 00:13:02

Health: -6/35      AC:  7    Str: 18    XL:     7   Next: 24%
Magic:  0/8        EV: 11    Int:  8    God:
Gold:   238        SH:  4    Dex: 16    Spells: 6/6 levels left

rFire    + . .     SeeInvis .   G - +2 war axe (freeze)
rCold    . . .     Gourm    .   N - +0 buckler
rNeg     . . .     Faith    .   t - +0 ring mail (curse)
rPois    .         Spirit   +   Q - +1 hat
rElec    .         Reflect  .   (no cloak)
rCorr    +         Harm     .   u - +0 pair of gloves
MR       .....                  (no boots)
Stlth    +.........             q - amulet of regeneration
HPRegen  0.91/turn              s - ring of protection from fire
MPRegen  0.11/turn              y - ring of resist corrosion

@: no status effects
A: fangs 2, regeneration 1, magic shield, antimagic bite, no potion heal 3, rot
immunity
a: no special abilities


You were on level 5 of the Dungeon.
You were hungry.

You visited 1 branch of the dungeon, and saw 5 of its levels.

You collected 238 gold pieces.

Inventory:

Hand Weapons
 a - a +0 war axe
 G - a +2 war axe of freezing (weapon)
Missiles
 d - 4 throwing nets (quivered)
Armour
 b - a +0 leather armour
 c - a +0 helmet
 k - a +1 hat
 t - a cursed +0 ring mail (worn)
 u - a +0 pair of gloves (worn)
 I - a +2 leather armour of magic resistance
 N - a +0 buckler (worn)
 Q - a +1 hat (worn)
Jewellery
 q - an amulet of regeneration (around neck)
 s - a ring of protection from fire (left hand)
 y - a ring of resist corrosion (right hand)
Wands
 C - a wand of flame (63)
Scrolls
 g - 2 scrolls of fear {unknown}
 l - a scroll of amnesia {unknown}
 m - a scroll of random uselessness {unknown}
 n - 5 scrolls of teleportation {unknown}
 p - 6 scrolls of identify {unknown}
 v - 3 scrolls of remove curse {unknown}
 w - 2 scrolls of immolation {unknown}
 B - a scroll of blinking {unknown}
 H - a scroll of magic mapping {unknown}
 J - 2 scrolls of fog {unknown}
 P - a scroll of enchant armour {unknown}
Potions
 e - 3 potions of might {unknown}
 h - 2 potions of lignification {unknown}
 i - 2 potions of agility {unknown}
 o - a potion of heal wounds {unknown}
 r - 3 potions of curing {unknown}
 z - a potion of brilliance {unknown}
 A - 2 potions of berserk rage {unknown}
 E - a potion of flight {unknown}
 F - a potion of invisibility {unknown}
 K - 2 potions of mutation {unknown}
 L - a potion of haste {unknown}
 M - 2 potions of resistance {unknown}
Books
 O - a book of Air

   Spells                             Type                      Level
   a - Shock                          Conjuration/Air              1
   b - Swiftness                      Charms/Air                   2
   c - Static Discharge               Conjuration/Air              3
   d - Airstrike                      Air                          4
   e - Lightning Bolt                 Conjuration/Air              5
Comestibles
 f - 7 bread rations
 j - 3 royal jellies
 x - 7 fruits
 D - 2 meat rations


   Skills:
 + Level 2.9 Fighting
 + Level 5.7 Axes
 + Level 2.0 Throwing
 + Level 2.2 Armour
 + Level 3.1 Dodging
 + Level 1.1 Stealth
 + Level 0.1 Shields


You had 6 spell levels left.
You didn't know any spells.

Dungeon Overview and Level Annotations

Branches:
Dungeon (5/15)
 Temple: D:4-7

Altars:
Gozag
Vehumet
Xom

Annotations:
D:5 Duvessa


Innate Abilities, Weirdness & Mutations

You have extremely sharp teeth.
Your natural rate of healing is unusually fast.
When hurt, damage is shared between your health and your magic reserves.
Your bite disrupts and absorbs the magic of your enemies.
Potions cannot restore your health.
You are immune to rotting.


Message History

The orc misses you.
You hit Duvessa. You freeze Duvessa.
Duvessa is moderately wounded.
You closely miss the orc. You hit the orc. You freeze the orc.
The orc barely misses you. Duvessa barely misses you.
The orc barely misses you.
You hit Duvessa. You freeze Duvessa.
Duvessa is moderately wounded.
You barely miss the orc. You hit the orc but do no damage.
Duvessa completely misses you. The orc barely misses you.
Duvessa hits you with a rapier!
* * * LOW HITPOINT WARNING * * *
The orc closely misses you.
You hit Duvessa. You freeze Duvessa. You bite Duvessa. You drain her power.
You feel invigorated.
Duvessa is moderately wounded.
You hit the orc but do no damage. You slash the orc! You freeze the orc.
You kill the orc!
Duvessa is no longer berserk.
Duvessa hits you with a rapier!
You die...

##..# #.# #.#
#..####.######### #.#
..>##.......?...# #.#
.#####)..?.......# #.#
#. ............# #.# .
............##########.#
.......................#
......o.####.###########
......)@+ #.# ......)e#
#.# ........# #.#
........# #.. .?......#
### ........# ........#
........#


You could see Duvessa and an orc.

Vanquished Creatures
  Dowan (D:5)
  3 orc wizards
  2 hounds
  Terence (D:2)
  An iguana (D:4)
  Natasha (thrice) (D:4)
  A worker ant (D:5)
  4 gnolls
  2 adders
  An ooze (D:2)
  An adder skeleton (D:4)
  6 worms
  3 dart slugs (D:1)
  3 leopard geckos
  16 orcs
  4 bats
  3 giant cockroaches (D:1)
  4 goblins
  7 hobgoblins
  9 jackals
  A quokka (D:2)
  2 ball pythons
  7 frilled lizards
  10 kobolds
  5 rats
  2 bushes (D:3)
  A plant (D:3)
103 creatures vanquished.

Notes
Turn   | Place    | Note
-------+----------+-------------------------------------------
     0 | D:1      | slep the Vine Stalker Gladiator began the quest for the Orb.
     0 | D:1      | Reached XP level 1. HP: 11/11 MP: 2/2
    85 | D:1      | Reached XP level 2. HP: 9/15 MP: 3/3
   187 | D:1      | Reached skill level 3 in Axes
   387 | D:1      | Reached XP level 3. HP: 16/18 MP: 4/4
   974 | D:2      | Gained mutation: Your natural rate of healing is unusually fast. [Vine Stalker growth]
   974 | D:2      | Reached XP level 4. HP: 19/23 MP: 5/5
  1126 | D:2      | Noticed Terence
  1133 | D:2      | Killed Terence
  1347 | D:2      | Found a shimmering altar of Xom.
  1348 | D:2      | Found an opulent altar of Gozag.
  1700 | D:3      | Reached skill level 4 in Axes
  1702 | D:3      | Reached XP level 5. HP: 21/26 MP: 4/6
  1800 | D:3      | Reached skill level 1 in Armour
  1894 | D:3      | Found a radiant altar of Vehumet.
  2186 | D:4      | Reached skill level 1 in Stealth
  2235 | D:4      | Reached XP level 6. HP: 26/32 MP: 4/7
  2249 | D:4      | Noticed Natasha
  2258 | D:4      | Killed Natasha
  2299 | D:4      | Noticed Natasha
  2305 | D:4      | Killed Natasha
  2305 | D:4      | Reached skill level 5 in Axes
  2474 | D:4      | Noticed Natasha
  2483 | D:4      | Killed Natasha
  2668 | D:5      | Entered Level 5 of the Dungeon
  2760 | D:5      | Reached XP level 7. HP: 35/35 MP: 8/8
  2825 | D:5      | Noticed Dowan
  2829 | D:5      | Noticed Duvessa
  2831 | D:5      | Killed Dowan
  2842 | D:5      | HP: 1/35 [Duvessa/rapier (8)]
  2843 | D:5      | Mangled by Duvessa

Vault maps used:
D:1:      matt_arrival_grand_opening
D:2:      gammafunk_temple_overflow_pools, first_bread, uniq_terence
D:3:      fiery_altar_vehumet, serial_forest, infiniplex_forest_end_2,
          infiniplex_forest_clump_tiny, infiniplex_forest_lined_ring,
          infiniplex_forest_lined_4_way, infiniplex_forest_lined_room_3,
          infiniplex_forest_straight_2, infiniplex_forest_clump_C,
          infiniplex_forest_straight_4, infiniplex_forest_lined_3,
          infiniplex_forest_side_room
D:4:      uniq_natasha
D:5:      uniq_duvessa

Skill      XL: |  1  2  3  4  5  6 |
---------------+-------------------+-----
Throwing       | 2 |  2.0
Axes           | 3 4 5 |  5.7
Fighting       | 2 |  2.9
Dodging        | 3 |  3.1
Armour         | 1 2 |  2.2
Stealth        | 1 |  1.1
Shields        | |  0.1

Action                   |  1- 3 |  4- 6 |  7- 9 || total
-------------------------+-------+-------+-------++-------
Melee: War axe           |    79 |   178 |    16 ||   273
       Bite              |    14 |    60 |     5 ||    79
 Stab: Sleeping          |     2 |       |       ||     2
  Eat: Chunk             |       |     6 |       ||     6
Armor: Leather armour    |    19 |       |       ||    19
       Ring mail         |     6 |    49 |     7 ||    62
Dodge: Dodged            |    69 |   106 |    13 ||   188
Block: Buckler           |       |     2 |     1 ||     3

Table legend:
 A = Spawn XP
 B = Non-spawn XP
 C = Spawn XP percentage of total XP
 D = Spawn monster count
 E = Non-spawn monster count
 F = Spawn count percentage of total count
 G = Total turns spent on level
                    A         B        C        D         E        F      G
               +---------+---------+-------+---------+---------+-------+---------
         Total |       0 |     759 |   0.0 |       0 |     100 |   0.0 |  2843
               +---------+---------+-------+---------+---------+-------+---------
           D:1 |       0 |      68 |   0.0 |       0 |      30 |   0.0 |   799
           D:2 |       0 |      81 |   0.0 |       0 |      15 |   0.0 |   771
           D:3 |       0 |      97 |   0.0 |       0 |      20 |   0.0 |   610
           D:4 |       0 |     308 |   0.0 |       0 |      23 |   0.0 |   488
           D:5 |       0 |     205 |   0.0 |       0 |      12 |   0.0 |   175
               +---------+---------+-------+---------+---------+-------+---------
